 Dungeon Crawl Stone Soup version 0.23.2-1-ga50397a (webtiles) character file.

Game seed: 8364823376085990456

67 diana the Shield-Bearer (level 4, -10/29 HPs)
             Began as a Gargoyle Fighter on May 31, 2019.
             Was an Initiate of Okawaru.
             Killed by divine providence
             ... invoked by an orc priest
              (11 damage)
             ... on level 3 of the Dungeon.
             The game lasted 00:01:58 (1453 turns).

diana the Shield-Bearer (Gargoyle Fighter)          Turns: 1453, Time: 00:02:00

Health: -10/29     AC: 10    Str: 21    XL:     4   Next: 16%
Magic:  4/4        EV:  8    Int:  8    God:    Okawaru [......]
Gold:   66         SH:  9    Dex:  9    Spells: 3/3 levels left

rFire    . . .     SeeInvis .   a - +0 flail
rCold    . . .     Gourm    .   c - +0 shield
rNeg     + . .     Faith    .   b - +0 scale mail
rPois    ∞         Spirit   .   (no helmet)
rElec    +         Reflect  .   (no cloak)
rCorr    .         Harm     .   (no gloves)
MR       .....                  (no boots)
Stlth    ..........             (no amulet)
HPRegen  0.09/turn              (no ring)
MPRegen  0.09/turn              (no ring)

@: no status effects
A: negative energy resistance 1, electricity resistance, unbreathing,
petrification resistance, rot immunity, AC +3
a: Renounce Religion


You were on level 3 of the Dungeon.
You worshipped Okawaru.
Okawaru was noncommittal.
You were very hungry.

You visited 1 branch of the dungeon, and saw 3 of its levels.

You collected 66 gold pieces.

Inventory:

Hand Weapons
 a - a +0 flail (weapon)
Armour
 b - a +0 scale mail (worn)
 c - a +0 shield (worn)
Jewellery
 h - an uncursed ring of see invisible {unknown}
Wands
 n - a wand of iceblast (10)
Scrolls
 e - 4 scrolls of teleportation {unknown}
 g - a scroll of amnesia {unknown}
 i - a scroll of immolation {unknown}
 j - 4 scrolls of identify {unknown}
 k - a scroll of magic mapping {unknown}
Potions
 d - a potion of might
 l - a potion of heal wounds {unknown}
 m - a potion of berserk rage {unknown}
Comestibles
 f - 3 rations


   Skills:
 + Level 3.7 Fighting
 + Level 2.6 Maces & Flails
 + Level 3.8 Armour
 + Level 1.0 Dodging
 + Level 3.9 Shields


You had 3 spell levels left.
You didn't know any spells.
Your spell library was empty.

Dungeon Overview and Level Annotations

Branches:
Dungeon (3/15)

Altars:
Okawaru


Innate Abilities, Weirdness & Mutations

You are resistant to torment.
Your stone body is resilient. (AC +3)
You are immune to poison.
You resist negative energy. (rN+)
You are resistant to electric shocks. (rElec)
You can survive without breathing.
You are immune to petrification.
You are immune to rotting.


Message History

You sock the orc!
You kill the orc!
Okawaru accepts your kill.
Your Dodging skill increases to level 1!
You block the orc's attack. The adder bites you.
The orc priest invokes the aid of Beogh against you.
Beogh smites you!
* * * LOW HITPOINT WARNING * * *
The orc completely misses you. You block the adder's attack.
You sock the adder!
The adder is almost dead.
The orc priest looks braver for a moment.
You block the adder's attack. The orc closely misses you.
You barely miss the adder.
The adder is severely wounded.
The adder closely misses you. You block the orc's attack. The adder bites you.
* * * LOW HITPOINT WARNING * * *
The orc priest invokes the aid of Beogh against you.
Beogh smites you!
You die...

#.#.###.......#
#.#.# #....##...
...#.###..### #.
..........####
####.###.....#
#######.####.##)#
#.............# #
.#####.##.#..#
#.o@..##.#.....
##S#####.##.####


.oo #.) .. ....o ... >.. #..... ........ #.#### .P.. .#.. #. # You could see an
orc priest, an adder and 3 orcs.

Vanquished Creatures
  A worker ant (D:2)
  2 worms (D:2)
  2 leopard geckos (D:1)
  An orc (D:3)
  9 goblins
  6 hobgoblins
  5 bats (D:1)
  2 frilled lizards
  3 kobolds
  5 rats
36 creatures vanquished.

Notes
Turn   | Place    | Note
-------+----------+-------------------------------------------
     0 | D:1      | diana the Gargoyle Fighter began the quest for the Orb.
     0 | D:1      | Reached XP level 1. HP: 14/14 MP: 1/1
    98 | D:1      | Reached XP level 2. HP: 8/19 MP: 2/2
   583 | D:1      | Reached XP level 3. HP: 23/23 MP: 3/3
  1085 | D:2      | Found an iron altar of Okawaru.
  1108 | D:2      | Reached XP level 4. HP: 16/29 MP: 4/4
  1117 | D:2      | Became a worshipper of Warmaster Okawaru
  1451 | D:3      | Reached skill level 1 in Dodging
  1453 | D:3      | HP: 1/29 [adder (3)]
  1453 | D:3      | Killed from afar by an orc priest

Skill      XL: |  1  2  3  4 |
---------------+-------------+-----
Dodging        | 1 |  1.0
Fighting       | |  3.7
Maces & Flails | |  2.6
Armour         | |  3.8
Shields        | |  3.9

Action                   |  1- 3 |  4- 6 || total
-------------------------+-------+-------++-------
Melee: Flail             |   122 |    24 ||   146
  Eat: Chunk             |       |     1 ||     1
Armor: Scale mail        |    85 |    12 ||    97
Dodge: Dodged            |    60 |    12 ||    72
Block: Shield            |    76 |    12 ||    88
